 Dungeon Crawl Stone Soup version 0.30-a0-777-ga9a30cbeda (webtiles) character file.

Game seed: 4887924486824539140

85 Hubris850 the Sneak (level 4, -4/26 HPs)
             Began as a Kobold Brigand on Feb 14, 2023.
             Killed from afar by an orc wizard (7 damage)
             ... with a magic dart
             ... on level 3 of the Dungeon.
             The game lasted 00:04:18 (1870 turns).

Hubris850 the Sneak (Kobold Brigand)                Turns: 1870, Time: 00:04:18

Health: -4/26      AC:  3    Str:  8    XL:     4   Next: 75%
Magic:  0/4        EV: 15    Int: 12    God:
Gold:   109        SH:  0    Dex: 18    Spells: 3/3 levels left

rFire   . . .      SeeInvis .    a - +2 dagger
rCold   . . .      Faith    .    (no shield)
rNeg    . . .      Spirit   +    b - +0 robe
rPois   .          Reflect  .    (no helmet)
rElec   .          Harm     .    c - +0 cloak
rCorr   .          Rampage  .    (no gloves)
Will    .....                    (no boots)
Stlth   ++++                     m - amulet of guardian spirit
HPRegen 0.24/turn                h - ring of flight
MPRegen 0.09/turn                (no ring)

@: flying
A: small, no large weapons, nightstalker 3
a: no special abilities


You were on level 3 of the Dungeon.
You visited 1 branch of the dungeon, and saw 3 of its levels.

You collected 109 gold pieces.

Inventory:

Hand Weapons
 a - a +2 dagger (weapon)
Missiles
 d - 11 poisoned darts (quivered)
Armour
 b - a +0 robe (worn)
 c - a +0 cloak (worn)
Jewellery
 h - a ring of flight (left hand)
 j - a ring of magical power
 m - an amulet of guardian spirit (around neck)
Scrolls
 g - 3 scrolls of teleportation {unknown}
 i - 2 scrolls of identify {unknown}
 k - a scroll of vulnerability {unknown}
 n - a scroll of blinking {unknown}
 p - a scroll of fog {unknown}
Potions
 l - a potion of flight {unknown}
 o - 2 potions of might {unknown}


   Skills:
 - Level 2.1 Fighting
 + Level 3.8 Short Blades
 + Level 3.2 Throwing
 + Level 2.6 Dodging
 - Level 6.0 Stealth


You had 3 spell levels left.
You didn't know any spells.
Your spell library contained the following spells:

 Spells                   Type           Power      Damage    Failure   Level
 Static Discharge         Conj/Air       0%         2-2/arc   45%         2
 Vhi's Electric Charge    Tloc/Air       0%         N/A       69%         3
 Arcjolt                  Conj/Air       0%         1d10      100%        5
 Lightning Bolt           Conj/Air       0%         1d11      100%        5
 Maxwell's Capacitive Co  Air            0%         ∞         100%        8


Dungeon Overview and Level Annotations

Branches:
Dungeon (3/15)

Altars:


Innate Abilities, Weirdness & Mutations

You are small and have problems with some larger weapons.
You are completely attuned to the shadows.


Message History

You closely miss the orc. The orc closely misses you.
Something barely misses you.
It was a potion of curing.
You feel better. Something hits you. The orc closely misses you.
You miss something. The orc closely misses you.
Something hits you but does no damage.
You hit something but do no damage. Something hits you.
The orc closely misses you.
You barely miss something. Something hits you. The orc misses you.
You hit something. You hit something but do no damage.
The orc closely misses you. Something barely misses you.
You hit something.
You hear some strange, mumbled words.
A magic dart appears from out of thin air!
The magic dart hits you.
* * * LOW HITPOINT WARNING * * *
The orc hits you but does no damage.
Okay, then.
You feel better. The orc barely misses you.
Something hits you but does no damage.
You closely miss something. Something hits you. The orc misses you.
You hit something but do no damage. Something hits you. The orc misses you.
You hit something but do no damage. You barely miss something.
The orc closely misses you. Something barely misses you.
You hit something. The orc barely misses you.
Something hits you but does no damage.
You barely miss something. The orc hits you with a +0 flail.
* * * LOW HITPOINT WARNING * * *
Something completely misses you.
You hit something. Something hits you but does no damage.
The orc hits you with a +0 flail.
* * * LOW HITPOINT WARNING * * *
You hit something but do no damage. You hit something but do no damage.
You hear some strange, mumbled words.
A magic dart appears from out of thin air!
The magic dart hits you!
You die...

#........#.#
#........#.#
#........#.#
#######..#.#####.....
......#.....#.....
##.......##.#.....
#.......##.#.....
#.......##.'.....
#.......####@....
#.......####{o...
....)..b....
.......#####
#........ #..(..b...
#......... #...##...


You could see an orc and a bat.

Vanquished Creatures
  An orc priest (D:3)
  3 adders
  A worm (D:2)
  4 ball pythons
  3 bats
  2 endoplasms
  A giant cockroach (D:2)
  2 hobgoblins (D:2)
  A quokka (D:3)
  3 frilled lizards
  3 goblins
  A kobold (D:1)
  4 rats
29 creatures vanquished.

Notes
Turn   | Place    | Note
-------+----------+-------------------------------------------
     0 | D:1      | Hubris850 the Kobold Brigand began the quest for the Orb.
     0 | D:1      | Reached XP level 1. HP: 12/12 MP: 1/1
   182 | D:1      | Found a faded altar of an unknown god.
   287 | D:1      | Reached XP level 2. HP: 15/17 MP: 2/2
   978 | D:2      | Reached XP level 3. HP: 21/21 MP: 3/3
  1749 | D:3      | Reached skill level 6 in Stealth
  1749 | D:3      | Reached XP level 4. HP: 16/26 MP: 2/4
  1870 | D:3      | Killed from afar by an orc wizard

Illustrated notes

Levels and vault maps discovered:
D:1:      evilmike_arrival_crescent, layout_loops_cross,
          shapermc_ecumenical_altar_venn, feat_on_display
D:2:      layout_loops_corners
D:3:      layout_basic, mainiacjoe_overflow_alcove_1, elyvilon_altar_3,
          minmay_vboxes

Skill      XL: |  1  2  3  4 |
---------------+-------------+-----
Short Blades   | 3 |  3.8
Dodging        | 2 |  2.6
Stealth        | 6 |  6.0
Throwing       | 3 |  3.2
Fighting       | |  2.1

Action                     |  1- 3 |  4- 6 || total
---------------------------+-------+-------++-------
  Melee: Dagger            |    71 |    34 ||   105
  Throw: Dart              |     1 |     3 ||     4
    Use: Potion            |       |     2 ||     2
   Stab: Sleeping          |    10 |     2 ||    12
 Armour: Robe              |     8 |     6 ||    14
  Dodge: Dodged            |    37 |    34 ||    71

Table legend: (Time is in decaauts)
 A = Elapsed time spent in this place.
 B = Non-inter-level travel time spent in this place.
 C = Inter-level travel time spent in this place.
 D = Time resting spent in this place.
 E = Time spent auto-exploring this place.
 F = Levels seen in this place.
 G = Mean time per level.
                   A        B        C        D        E       F      G
               +--------+--------+--------+--------+--------+-----+--------+
         Total |   1850 |   1777 |     73 |     42 |   1490 |   3 |  616.7 |
       Dungeon |   1850 |   1777 |     73 |     42 |   1490 |   3 |  616.7 |
               +--------+--------+--------+--------+--------+-----+--------+

Top non-repeatable levels by time:
     D:2: 1000 daAuts
     D:1: 709 daAuts
     D:3: 139 daAuts
